 Dungeon Crawl Stone Soup version 0.30-a0-250-g41c1d76940 (webtiles) character file.

Game seed: 4175252289807937210

11003 slphil the Slicer (level 12, -14/89 (91) HPs)
             Began as a Djinni Fire Elementalist on Oct 13, 2022.
             Was an Elder of Makhleb.
             Demolished by Jorgrun
             ... wielding a staff of earth
              (19 damage)
             ... on level 2 of the Orcish Mines.
             The game lasted 00:27:35 (11130 turns).

slphil the Slicer (Djinni Fire Elementalist)       Turns: 11130, Time: 00:27:36

HP:   -14/89 (91)   AC:  7    Str:  7    XL:     12   Next: 2%
Gold: 923           EV: 11    Int: 25    God:    Makhleb [****..] SH:  8 Dex: 16

rFire   + . .      SeeInvis .    s - +9 short sword "Juchok" {speed, Will+ MP-9 Int+5}
rCold   . . .      Faith    .    E - +3 buckler
rNeg    . . .      Spirit   .    F - +2 robe {Archmagi}
rPois   ∞          Reflect  .    n - +0 helmet
rElec   .          Harm     .    (no cloak)
rCorr   .          Rampage  .    o - +1 pair of gloves
Will    ++...      Archmagi +    (boots unavailable)
Stlth   ++........               (no amulet)
HPRegen 0.34/turn                l - ring of ice
MPRegen 0.00/turn                (no ring)

@: grasped by roots, flying, very slightly contaminated, constricted, lightly
drained
A: sickness immunity, fire resistance 2, cold vulnerability 1, float, innate
caster, HP casting, extra vitality 1
a: Renounce Religion, Minor Destruction, Lesser Servant of Makhleb, Major
Destruction


You were on level 2 of the Orcish Mines.
You worshipped Makhleb.
Makhleb was greatly pleased with you.
You visited 2 branches of the dungeon, and saw 12 of its levels.
You also visited: Ossuary.

You collected 1099 gold pieces.
You spent 176 gold pieces at shops.

Inventory:

Hand Weapons
 s - the +9 short sword "Juchok" (weapon) {speed, Will+ MP-9 Int+5}
   (You found it on level 3 of the Dungeon)

   Attacks with this weapon are significantly faster.
   Int:       It affects your intelligence (+5).
   MP:        It affects your magic capacity (-9).
   Will:      It increases your willpower.
Armour
 n - a +0 helmet (worn)
 o - a +1 pair of gloves (worn)
 E - a +3 buckler (worn)
 F - a +2 robe of the Archmagi (worn)
 I - the +0 robe "Xawia" {Harm rElec rC- Stlth+}
   (You bought it in a shop on level 1 of the Orcish Mines)

   rC:        It makes you vulnerable to cold.
   rElec:     It insulates you from electricity.
   Harm:      It increases damage dealt and taken.
   Stlth:     It makes you more stealthy.
Jewellery
 l - a ring of ice (left hand)
Wands
 f - a wand of flame (15)
 g - a wand of mindburst (6)
 x - a wand of paralysis (9)
 y - a wand of digging (4)
 C - a wand of polymorph (9)
 J - a wand of iceblast (3)
Scrolls
 c - 2 scrolls of blinking
 e - 7 scrolls of teleportation
 h - a scroll of enchant armour
 j - 3 scrolls of silence
 k - 3 scrolls of poison {unknown}
 p - 4 scrolls of fear
 v - a scroll of butterflies {unknown}
 w - a scroll of magic mapping {unknown}
 H - a scroll of vulnerability {unknown}
 K - a scroll of amnesia {unknown}
Potions
 b - 4 potions of attraction
 d - 5 potions of curing
 i - 3 potions of lignification
 m - 6 potions of flight
 q - 3 potions of degeneration
 r - 3 potions of mutation
 t - 4 potions of might
 u - 3 potions of ambrosia
 z - a potion of cancellation {unknown}
 A - a potion of heal wounds {unknown}
 B - a potion of haste {unknown}
 G - 2 potions of resistance


   Skills:
 + Level 10.0 Fighting
 - Level 10.0 Short Blades
 + Level 6.0 Dodging
 - Level 1.5 Stealth
 - Level 5.0 Shields
 + Level 6.6 Spellcasting
 * Level 0.0 Invocations


You couldn't memorise any spells.
You knew the following spells:

 Your Spells              Type           Power      Damage    Failure   Level
a - Foxfire               Conj/Fire      100%       2x1d9     1%          1
b - Scorch                Fire           100%       2d10      1%          2
c - Kindle Blastsparks    Fire/Tloc/Air  100%       2d18      1%          3
d - Inner Flame           Hex/Fire       58%        N/A       1%          3
e - Flame Wave            Conj/Fire      58%        2d14      6%          4
f - Beastly Appendage     Tmut           100%       N/A       1%          1
g - Ensorcelled Hibernat  Hex/Ice        100%       N/A       1%          2
h - Gell's Gravitas       Tloc           58%        N/A       1%          3
i - Olgreb's Toxic Radia  Pois           58%        N/A       6%          4
j - Animate Dead          Necr           58%        N/A       6%          4
Your spell library was empty.

Dungeon Overview and Level Annotations

Branches:
Dungeon (10/15)            Temple (0/1) D:7             Orc (2/2) D:10
    Elf (0/3) Orc:2       Ossuary (visited)
   Lair: D:8-11

Altars:
Elyvilon
Hepliaklqana
Makhleb
Okawaru
Trog
Uskayaw
The Shining One

Shops:
Orc:1 ![([

Annotations:
D:9 3 runed translucent doors, bande's ghost, novice GrFi
Orc:2 Jorgrun; Josephine


Innate Abilities, Weirdness & Mutations

You are immune to sickness and miasma.
You are immune to poison.
Your flesh is very heat resistant. (rF++)
You are vulnerable to cold. (rC-)
You float through the air rather than walking.
You learn spells naturally, not from books.
Your magical power is your life essence.
You have superior vitality. (+4 MHP)


Message History

Jorgrun is moderately wounded. (Press . to intensify the flame waves.)
You hear a shout! x2
The foxfire hits Jorgrun but does no damage.
Jorgrun is heavily wounded.
The foxfire hits Jorgrun.
Jorgrun is heavily wounded.
A troll comes into view.
Jorgrun points at you and mumbles some strange words.
You easily resist.
The grasping roots constrict you!
Unknown command.
A wave of flame ripples out!
The flame wave engulfs Jorgrun!
Jorgrun is burned terribly!
Jorgrun is heavily wounded.
You hear a shout!
Jorgrun is no longer more vulnerable to fire.
You block Jorgrun's attack. The grasping roots constrict you!
Unknown command.
A wave of flame ripples out!
The flame wave engulfs Jorgrun!
Jorgrun is severely wounded.
You finish channelling waves of flame.
Jorgrun misses you. The grasping roots constrict you!
Unknown command.
Casting: Flame Wave (dangerous; 6% risk of failure)
Confirm with . or Enter, or press ? or * to list all spells.
You feel a surge of power!
You miscast Scorch.
You are very lightly contaminated with residual magic.
Nothing appears to happen.
You block Jorgrun's attack. The grasping roots constrict you!
* * * LOW HITPOINT WARNING * * *
Casting: Scorch (safe; 1% risk of failure)
Confirm with . or Enter, or press ? or * to list all spells.
You feel a surge of power!
Flames lash Jorgrun.
Jorgrun is severely wounded.
Jorgrun's fire resistance burns away.
* * * LOW HITPOINT WARNING * * *
Jorgrun hits you with a staff of earth!
* * * LOW HITPOINT WARNING * * *
Jorgrun shatters you!!
You die...

#... .. ...#
... #..###...
#T..#....
##..#..... ####
##.........
....
#..........
....
#..@.......
....
##..g......
.... #.#.......
.... .. .......
#... #..
....... ....
#..............
....
#..............
.... ##.
.....$.... ...
##.......# ...


You could see Jorgrun (very poisoned, combustible) and a troll.

Vanquished Creatures
  An ettin (Orc:1)
  2 two-headed ogres
  An orc sorcerer (Orc:2)
  A kobold demonologist (D:10)
  2 trolls
  A hornet (D:8)
  Sigmund (D:8)
  3 wraiths
  A wyvern (D:10)
  12 yaks
  A steam dragon (D:8)
  3 wargs
  An acid dragon (D:8)
  2 water moccasins
  A black bear (D:8)
  11 orc warriors
  An ice beast (D:6)
  4 ogres
  2 centaurs
  A phantom (D:7)
  2 kobold brigands
  A bullfrog (D:6)
  2 necrophages (D:5)
  A gnoll sergeant (D:10)
  A scorpion (D:5)
  14 wights
  14 killer bees
  2 howler monkeys
  A hound (D:3)
  A gnoll bouda (D:8)
  7 orc priests
  5 iguanas
  10 orc wizards
  A hound skeleton (D:5)
  3 mummies (Ossuary)
  10 gnolls
  5 adders
  A white imp (D:7)
  An ufetubus (D:5)
  2 dart slugs
  56 orcs
  8 ball pythons
  6 endoplasms
  3 giant cockroaches (D:1)
  6 goblins
  13 hobgoblins
  17 kobolds
  5 quokkas
  2 bats
  8 frilled lizards
  2 gnoll zombies (Ossuary)
  3 goblin zombies (Ossuary)
  3 hobgoblin zombies (Ossuary)
  4 kobold zombies (Ossuary)
  5 rats (D:4)
277 creatures vanquished.

Vanquished Creatures (collateral kills)
  An orc (Orc:1)
1 creature vanquished.

Vanquished Creatures (others)
  A human (D:9)
  A gnoll zombie (D:10)
  6 orc zombies (Orc:1)
  440 foxfires
  6 plants (D:3)
454 creatures vanquished.

Grand Total: 732 creatures vanquished

Notes
Turn   | Place    | Note
-------+----------+-------------------------------------------
     0 | D:1      | slphil the Djinni Fire Elementalist began the quest for the
                  | Orb.
     0 | D:1      | slphil set off with the following spells memorised:
                  | Foxfire, Scorch, Kindle Blastsparks, Inner Flame, Flame
                  | Wave.
     0 | D:1      | Reached XP level 1. HP: 15/15 MP: 0/0
    25 | D:1      | Reached skill level 1 in Fighting
    25 | D:1      | Reached XP level 2. HP: 14/22 MP: 0/0
    73 | D:1      | Found a faded altar of an unknown god.
   423 | D:1      | Reached XP level 3. HP: 26/27 MP: 0/0
   423 | D:1      | Learned a level 1 spell: Beastly Appendage
   974 | D:2      | Reached XP level 4. HP: 27/33 MP: 0/0
  1554 | D:3      | Found a glowing golden altar of the Shining One.
  1600 | D:3      | Identified the +9 short sword "Juchok" {speed, Will+ MP-9
                  | Int+5}
  1640 | D:3      | Reached XP level 5. HP: 37/40 MP: 0/0
  1640 | D:3      | Learned a level 2 spell: Ensorcelled Hibernation
  1723 | D:3      | Found a white marble altar of Elyvilon.
  1901 | D:3      | Found an iron altar of Okawaru.
  2133 | D:4      | Reached XP level 6. HP: 36/46 MP: 0/0
  2225 | D:4      | Found a hide-covered altar of Uskayaw.
  2442 | D:4      | Noticed a moth of wrath
  2445 | D:4      | Found a bloodstained altar of Trog.
  2454 | D:4      | Reached skill level 1 in Short Blades
  2731 | D:5      | Entered Level 5 of the Dungeon
  2798 | D:5      | Noticed an ogre
  2802 | D:5      | Killed an ogre
  2884 | D:5      | Reached XP level 7. HP: 43/52 MP: 0/0
  2884 | D:5      | Learned a level 3 spell: Gell's Gravitas
  2940 | D:5      | Found a sand-covered staircase.
  3038 | Ossuary  | Entered an ossuary
  3038 | Ossuary  | Noticed a wraith
  3038 | Ossuary  | Noticed a wraith
  3038 | Ossuary  | Noticed a wraith
  3251 | Ossuary  | Noticed a wraith
  3268 | Ossuary  | Killed a wraith
  3741 | D:5      | Reached skill level 5 in Fighting
  3741 | D:5      | Reached XP level 8. HP: 47/59 MP: 0/0
  4008 | D:5      | Found a burning altar of Makhleb.
  4051 | D:5      | Became a worshipper of Makhleb the Destroyer
  4285 | D:6      | Reached skill level 5 in Spellcasting
  5238 | D:7      | Found a staircase to the Ecumenical Temple.
  5394 | D:7      | Reached XP level 9. HP: 63/66 MP: 0/0
  5394 | D:7      | Learned a level 4 spell: Olgreb's Toxic Radiance
  5778 | D:7      | Reached * piety under Makhleb
  5779 | D:7      | Reached skill level 5 in Short Blades
  6195 | D:8      | Noticed Sigmund
  6201 | D:8      | Killed Sigmund
  6428 | D:8      | Noticed a hornet
  6433 | D:8      | Killed a hornet
  6715 | D:8      | Reached XP level 10. HP: 68/76 MP: 0/0
  6961 | D:8      | Reached ** piety under Makhleb
  7338 | D:9      | Noticed a two-headed ogre
  7345 | D:9      | Killed a two-headed ogre
  7346 | D:9      | Reached skill level 1 in Shields
  7713 | D:9      | Found a runed translucent gate.
  7714 | D:9      | Found a runed translucent gate.
  7715 | D:9      | Found a runed translucent gate.
  7729 | D:9      | Noticed bande's ghost (novice GrFi)
  8184 | D:10     | Entered Level 10 of the Dungeon
  8216 | D:10     | Reached XP level 11. HP: 66/82 MP: 0/0
  8216 | D:10     | Learned a level 4 spell: Animate Dead
  8464 | D:10     | Reached *** piety under Makhleb
  8553 | D:10     | Reached skill level 5 in Dodging
  8722 | D:10     | Found a hazy altar of Hepliaklqana.
  9007 | D:10     | Found a staircase to the Orcish Mines.
  9535 | Orc:1    | Entered Level 1 of the Orcish Mines
  9550 | Orc:1    | Found a burning altar of Makhleb.
  9727 | Orc:1    | Found Ogediwau's Antique Armour Shop.
  9845 | Orc:1    | Bought a transparent robe for 176 gold pieces
  9845 | Orc:1    | Identified the +0 robe "Xawia" {Harm rElec rC- Stlth+} (You
                  | bought it in a shop on level 1 of the Orcish Mines)
  9906 | Orc:1    | Reached **** piety under Makhleb
 10072 | Orc:1    | Noticed an ettin
 10086 | Orc:1    | Killed an ettin
 10152 | Orc:1    | Found Emuk Cur's Distillery.
 10246 | Orc:1    | Reached skill level 5 in Shields
 10323 | Orc:1    | Noticed a two-headed ogre
 10332 | Orc:1    | Killed a two-headed ogre
 10480 | Orc:1    | Found Doadez's Antique Armour Emporium.
 10561 | Orc:1    | Found Wurum's Weapon Shoppe.
 10712 | Orc:2    | Entered Level 2 of the Orcish Mines
 10733 | Orc:2    | Noticed Jorgrun
 10739 | Orc:2    | Noticed Josephine
 10937 | Orc:2    | Noticed an orc sorcerer
 10937 | Orc:2    | Found a staircase to the Elven Halls.
 10949 | Orc:2    | Killed an orc sorcerer
 10950 | Orc:2    | Reached skill level 10 in Fighting
 10950 | Orc:2    | Reached skill level 10 in Short Blades
 10950 | Orc:2    | Reached XP level 12. HP: 60/89 MP: 0/0
 11130 | Orc:2    | Demolished by Jorgrun

Illustrated notes

Levels and vault maps discovered:
D:1:      dpeg_arrival_houses_and_road, layout_basic,
          hellmonk_ecumenical_altar_arch_garden
D:2:      layout_rooms
D:3:      layout_rooms, lemuel_round_altar, overflow_temple_1_default,
          kennysheep_okawaru_gauntlet, minmay_lizard_king
D:4:      nicolae_cairo_tiling_large_dashed, layout_loops_ring,
          nicolae_uskayaw_murder_on_the_dancefloor, tgw_trog
D:5:      layout_basic, makhleb_blood_cavern_becter,
          nicolae_ossuary_entry_monument, minmay_misc_feat_alley
D:6:      layout_gridville, minmay_diced_spiral
D:7:      layout_basic, minmay_temple_entry_stoned_glass
D:8:      layout_basic, sigmund_army
D:9:      layout_roguey, tgw_kikubaaqudgha, ebering_ghost_rock_garden,
          minmay_misc_feat_rugged
D:10:     layout_basic, amcnicky_altar_gilded, david_orc_1_choice, minivault_21,
          minmay_quadrilaterals
Orc:1:    layout_caves, serial_shops, nicolae_shop_behind_doors,
          nicolae_shop_advertising_works [nicolae_subvault_shop_adworks],
          nicolae_shop_waterfront, nicolae_lakefront_shop, basic_altar
Orc:2:    st_orc_elflike, layout_caves, uniq_josephine, uniq_jorgrun

Skill      XL: |  1  2  3  4  5  6  7  8  9 10 11 |
---------------+----------------------------------+-----
Fighting       | 1 2 3 4 5 6 7 8 10 | 10.0
Spellcasting   | 3 4 5 6 |  6.6
Short Blades   | 1 3 4 6 8 10 | 10.0
Dodging        | 4 6 |  6.0
Shields        | 3 5 |  5.0
Stealth        | |  1.5

Action                   |  1- 3 |  4- 6 |  7- 9 | 10-12 || total
-------------------------+-------+-------+-------+-------++-------
Melee: Dagger            |     5 |     1 |       |       ||     6
       Short sword       |       |     7 |    82 |   137 ||   226
 Cast: Foxfire           |    41 |    98 |    93 |    24 ||   256
       Scorch            |     7 |    19 |    45 |    71 ||   142
       Ensorcelled Hiber |       |       |     2 |     8 ||    10
       Olgreb's Toxic Ra |       |       |    12 |    58 ||    70
       Animate Dead      |       |       |       |     2 ||     2
       Flame Wave        |       |       |       |     1 ||     1
  Use: Scroll            |       |    10 |     7 |     4 ||    21
 Stab: Sleeping          |       |       |     1 |     3 ||     4
Armor: Robe              |     1 |     4 |    16 |    17 ||    38
Dodge: Dodged            |     7 |    10 |    43 |    59 ||   119
Block: Buckler           |       |       |     5 |    50 ||    55

Table legend: (Time is in decaauts)
 A = Elapsed time spent in this place.
 B = Non-inter-level travel time spent in this place.
 C = Inter-level travel time spent in this place.
 D = Time resting spent in this place.
 E = Time spent auto-exploring this place.
 F = Levels seen in this place.
 G = Mean time per level.
                   A        B        C        D        E       F      G
               +--------+--------+--------+--------+--------+-----+--------+
         Total |  11035 |  10671 |    364 |    847 |   8281 |  13 |  848.8 |
       Dungeon |   8772 |   8484 |    288 |    532 |   6728 |  10 |  877.2 |
  Orcish Mines |   1603 |   1528 |     75 |    154 |   1187 |   2 |  801.5 |
       Ossuary |    660 |    660 |      0 |    161 |    366 |   1 |  660.0 |
               +--------+--------+--------+--------+--------+-----+--------+

Top non-repeatable levels by time:
   Orc:1: 1546 daAuts
    D:10: 1308 daAuts
     D:8: 1163 daAuts
     D:6: 1050 daAuts
     D:7: 978 daAuts
     D:9: 867 daAuts
     D:1: 844 daAuts
     D:4: 786 daAuts
     D:5: 667 daAuts
 Ossuary: 660 daAuts
     D:3: 596 daAuts
     D:2: 510 daAuts
   Orc:2: 57 daAuts
